 Dungeon Crawl Stone Soup version 0.29-a0-1047-g7c58e119a4 (webtiles) character file.

Game seed: 4246880670024216760

2 IdlyInterested the Shield-Bearer (level 1, 0/22 HPs)
             Began as a Demonspawn Wanderer on Aug 16, 2022.
             Slain by a kobold
             ... wielding a +0 whip
              (2 damage)
             ... on level 1 of the Dungeon.
             The game lasted 00:01:04 (59 turns).

IdlyInterested the Shield-Bearer (DsWn)               Turns: 59, Time: 00:01:04

Health: 0/22       AC:  2    Str: 10    XL:     1   Next: 25%
Magic:  2/2        EV: 10    Int: 16    God:
Gold:   0          SH:  4    Dex: 11    Spells: 2/2 levels left

rFire   . . .      SeeInvis .   a - +0 dagger
rCold   . . .      Faith    .   d - +0 buckler
rNeg    . . .      Spirit   .   c - +0 robe
rPois   .          Reflect  .   (no helmet)
rElec   .          Harm     .   (no cloak)
rCorr   .          Rampage  .   (no gloves)
Will    .....                   (no boots)
Stlth   ..........              (no amulet)
HPRegen 0.07/turn               (no ring)
MPRegen 0.08/turn               (no ring)

@: berserking, very quick
A: no striking features
a: no special abilities


You were on level 1 of the Dungeon.
You visited 1 branch of the dungeon, and saw 1 of its levels.

Inventory:

Hand Weapons
 a - a +0 dagger (weapon)
Armour
 c - a +0 robe (worn)
 d - a +0 buckler (worn)
 e - a +0 scale mail


   Skills:
 * Level 1.1 Fighting
 + Level 0.1 Short Blades
 + Level 0.1 Armour
 - Level 1.0 Stealth
 - Level 2.6 Shields
 - Level 1.0 Spellcasting
 - Level 1.0 Summonings
 - Level 2.1 Necromancy
 - Level 1.0 Evocations


You had 2 spell levels left.
You didn't know any spells.
Your spell library contained the following spells:

 Spells                   Type           Power      Damage    Failure   Level
 Necrotise                Necr           28%        1d5       12%         1
 Summon Small Mammal      Summ           16%        N/A       21%         1
 Vampiric Draining        Necr           7%         2d6       36%         3
 Call Canine Familiar     Summ           4%         N/A       52%         3
 Corpse Rot               Necr/Pois/Air  3%         N/A       92%         4


Dungeon Overview and Level Annotations

Branches:
Dungeon (1/15)

Altars:


Message History

A kobold comes into view. It is wielding a +0 whip.
You block the hobgoblin's attack.
You hit the hobgoblin.
The hobgoblin is almost dead.
The hobgoblin hits you.
You hit the hobgoblin.
You kill the hobgoblin!
A hobgoblin comes into view.
The hobgoblin hits you but does no damage.
You see here a hobgoblin corpse.
You closely miss the hobgoblin. The hobgoblin misses you.
You completely miss the hobgoblin. You block the hobgoblin's attack.
You hit the hobgoblin.
The hobgoblin is lightly wounded.
The hobgoblin hits you.
You hit the hobgoblin but do no damage.
The hobgoblin is lightly wounded.
You block the hobgoblin's attack.
You hit the hobgoblin.
The hobgoblin is heavily wounded.
The hobgoblin barely misses you.
You hit the hobgoblin.
The hobgoblin is severely wounded.
The hobgoblin barely misses you.
You barely miss the hobgoblin.
The hobgoblin is severely wounded.
The endoplasm jiggles.
The hobgoblin hits you.
You hit the hobgoblin but do no damage.
The hobgoblin is severely wounded.
The kobold hits you with a +0 whip.
The hobgoblin hits you but does no damage.
The hobgoblin attacks as you move away! The hobgoblin barely misses you.
The hobgoblin attacks as you move away! The hobgoblin barely misses you.
The kobold attacks as you move away! The kobold hits you with a +0 whip.
* * * LOW HITPOINT WARNING * * *
A red film seems to cover your vision as you go berserk!
You feel yourself moving faster!
You feel mighty! The kobold hits you with a +0 whip.
You die...

....### .......
....... #######
....... #....(
....... ....
.......##.######.
.!....J†.g.......
#########K######
#@#
################.#
#................#
#....#############
#....# #....#
.....# ####.# #.#


You could see a hobgoblin and a kobold.

Vanquished Creatures
  A hobgoblin (D:1)
  A rat (D:1)
2 creatures vanquished.

Notes
Turn   | Place    | Note
-------+----------+-------------------------------------------
     0 | D:1      | IdlyInterested the Demonspawn Wanderer began the quest for
                  | the Orb.
     0 | D:1      | IdlyInterested set off with the following items: a +0
                  | dagger, a potion of berserk rage, a +0 robe, a +0 buckler;
                  | and the following spells available to memorise: Necrotise,
                  | Summon Small Mammal, Vampiric Draining, Call Canine
                  | Familiar, Corpse Rot.
     0 | D:1      | Reached XP level 1. HP: 15/15 MP: 2/2
    59 | D:1      | Slain by a kobold

Illustrated notes

Levels and vault maps discovered:
D:1:      tarquinn_simple_flora_water_e, layout_basic,
          shapermc_ecumenical_altar_acropolis

Action                   || total
-------------------------++-------
Melee: Dagger            ||    12
  Use: Potion            ||     1
 Stab: Sleeping          ||     1
Armor: Robe              ||     2
Dodge: Dodged            ||     6
Block: Buckler           ||     3

Table legend: (Time is in decaauts)
 A = Elapsed time spent in this place.
 B = Non-inter-level travel time spent in this place.
 C = Inter-level travel time spent in this place.
 D = Time resting spent in this place.
 E = Time spent auto-exploring this place.
 F = Levels seen in this place.
 G = Mean time per level.
                   A        B        C        D        E       F      G
               +--------+--------+--------+--------+--------+-----+--------+
         Total |     59 |     59 |      0 |      0 |     36 |   1 |   59.0 |
       Dungeon |     59 |     59 |      0 |      0 |     36 |   1 |   59.0 |
               +--------+--------+--------+--------+--------+-----+--------+

Top non-repeatable levels by time:
     D:1: 59 daAuts
